 Dungeon Crawl Stone Soup version 0.31.0-11-ge490571c62 (webtiles) character file.

Game seed: 4974981383008934559

697 ces the Sneak (level 7, -1/36 HPs)
             Began as a Spriggan Hunter on Jan 28, 2024.
             Incinerated by a bombardier beetle (3 damage)
             ... with a burning spray
             ... on level 4 of the Dungeon.
             The game lasted 00:10:00 (3340 turns).

ces the Sneak (Spriggan Hunter)                     Turns: 3340, Time: 00:10:00

Health: -1/36      AC:  3    Str:  7    XL:     7   Next: 37%
Magic:  8/8        EV: 20    Int: 11    God:
Gold:   165        SH:  0    Dex: 20    Spells: 6/6 levels left

rFire   . . .        a - +0 shortbow
rCold   . . .        (shield currently unavailable)
rNeg    . . .        c - +1 robe
rPois   .            (helmet restricted)
rElec   .            (no cloak)
rCorr   .            (gloves unavailable)
SInv    +            (boots unavailable)
Will    +....        (no amulet)
Stlth   ++           (no ring)
HPRegen 0.26/turn    (no ring)
MPRegen 0.11/turn

%: no passive effects
@: mighty, brilliant, on fire, hasted, glowing, very quick
A: very small, no large weapons, unfitting armour, see invisible, speed 3
a: no special abilities


You were on level 4 of the Dungeon.
You visited 1 branch of the dungeon, and saw 5 of its levels.

You collected 165 gold pieces.

Inventory:

Hand Weapons
 a - a +0 shortbow (weapon)
 b - a +2 dagger of venom
Missiles
 s - a throwing net
Armour
 c - a +1 robe (worn)
Jewellery
 e - a ring of willpower
 l - a +4 ring of protection
 n - an amulet of faith
Wands
 h - a wand of flame (22)
Scrolls
 d - a scroll of identify
 f - a scroll of immolation
 i - a scroll of blinking {unknown}
 j - 2 scrolls of fear
Potions
 g - a potion of magic
 o - a potion of might


   Skills:
 + Level 3.1 Fighting
 * Level 6.2 Ranged Weapons
 + Level 4.9 Dodging
 * Level 7.5 Stealth


You had 6 spell levels left.
You didn't know any spells.
Your spell library was empty.

Dungeon Overview and Level Annotations

Branches:
Dungeon (5/15)
 Temple: D:4-7

Altars:
Ashenzari
Cheibriados
Dithmenos


Innate Abilities, Weirdness & Mutations

You are very small and have problems with some larger weapons.
You are too small for most types of armour.
You have supernaturally acute eyesight. (SInv)
You cover ground extremely quickly. (Speed+++)


Message History

The bombardier beetle is moderately wounded.
You shoot an arrow. The arrow hits the bombardier beetle.
The bombardier beetle is heavily wounded.
You shoot an arrow.
The arrow closely misses the bombardier beetle.
You shoot an arrow.
The arrow hits the bombardier beetle but does no damage.
The bombardier beetle is heavily wounded.
You shoot an arrow.
The arrow hits the bombardier beetle but does no damage.
The bombardier beetle is heavily wounded.
You shoot an arrow. The arrow hits the bombardier beetle.
The bombardier beetle is almost dead.
The bombardier beetle sprays incendiary fluid at you.
The burning spray hits you.
You are covered in liquid fire!
You shoot an arrow. The arrow hits the bombardier beetle!
You kill the bombardier beetle!
The liquid fire burns you!
You are on fire!
You are on fire!
The liquid fire burns you! The liquid fire burns you!
The liquid fire burns you! The liquid fire burns you!
The liquid fire burns you!
It was a potion of brilliance.
You feel clever all of a sudden. The liquid fire burns you!
* * * LOW HITPOINT WARNING * * *
It was a potion of might.
You feel very mighty all of a sudden. The liquid fire burns you!
* * * LOW HITPOINT WARNING * * *
It was a potion of haste.
You feel yourself speed up. The liquid fire burns you!
* * * LOW HITPOINT WARNING * * *
Okay, then.
The liquid fire burns you!
You die...

... #........... #..
#........... #..
#........!.. #...
#......##... #....
#######......##...
....##....##.......#...
..................#...
######..............#...
##....##@.<.##......###..
#.####.#..).#########
#.#<.#.#.........
#.#_.'##.........
#.#####...........
##.....#.#####....
#######....# ....
.......รท...# ...
#.......)..'...


There were no monsters in sight!

Vanquished Creatures
  A sky beast (D:3)
  An ogre (D:4)
  A phantom (D:4)
  2 hounds
  A bombardier beetle (D:4)
  An iguana (D:4)
  A sleepcap (D:3)
  Ijyb (D:3)
  2 orc wizards (D:4)
  Robin (D:2)
  8 gnolls
  5 adders
  A white imp (D:3)
  3 ribbon worms
  3 dart slugs
  6 orcs
  5 bats
  4 endoplasms
  7 goblins
  10 hobgoblins
  3 jackals (D:3)
  4 quokkas
  6 ball pythons
  4 frilled lizards
  7 kobolds
  3 rats (D:1)
91 creatures vanquished.

Notes
Turn   | Place    | Note
-------+----------+-------------------------------------------
     0 | D:1      | ces the Spriggan Hunter began the quest for the Orb.
     0 | D:1      | Reached XP level 1. HP: 10/10 MP: 2/2
    95 | D:1      | Reached skill level 2 in Stealth
   204 | D:1      | Reached XP level 2. HP: 14/15 MP: 3/3
   455 | D:1      | Reached skill level 3 in Stealth
   574 | D:2      | Reached XP level 3. HP: 18/18 MP: 4/4
   642 | D:2      | Found a shadowy altar of Dithmenos.
   841 | D:2      | Noticed Robin
   902 | D:2      | Killed Robin
   975 | D:2      | Reached XP level 4. HP: 23/23 MP: 5/5
   988 | D:2      | Reached skill level 4 in Stealth
  1247 | D:3      | Found a broken altar of Ashenzari.
  1464 | D:3      | Reached XP level 5. HP: 19/26 MP: 6/6
  1787 | D:3      | Reached skill level 5 in Ranged Weapons
  1900 | D:3      | Reached skill level 5 in Stealth
  1938 | D:3      | Noticed Ijyb
  2241 | D:3      | Killed Ijyb
  2492 | D:4      | Noticed a phantom
  2500 | D:4      | Killed a phantom
  2501 | D:4      | Reached XP level 6. HP: 32/32 MP: 7/7
  2544 | D:4      | Reached skill level 6 in Stealth
  2638 | D:5      | Entered Level 5 of the Dungeon
  2704 | D:4      | Reached XP level 7. HP: 23/35 MP: 8/8
  2956 | D:4      | Found a snail-covered altar of Cheibriados.
  3024 | D:3      | Reached skill level 7 in Stealth
  3339 | D:4      | HP: 1/36 [burnt (2)]
  3340 | D:4      | Incinerated by a bombardier beetle

Illustrated notes

Levels and vault maps discovered:
D:1:      dpeg_arrival_solitude, layout_loops_cross
D:2:      layout_basic, basic_altar, uniq_robin
D:3:      minmay_spotlight, layout_loops_corners,
          mainiacjoe_overflow_six_doors_small, uniq_ijyb
D:4:      layout_gridville, chei_slow_surprise, serial_shops, shop
D:5:      layout_basic, serial_bayou_lagoon_b, uniq_eustachio

Skill      XL: |  1  2  3  4  5  6  7 |
---------------+----------------------+-----
Stealth        | 2 3 4 5 6 7 |  7.5
Dodging        | 3 4 |  4.9
Fighting       | 2 3 |  3.1
Ranged Weapons | 5 6 |  6.2

Action                     |  1- 3 |  4- 6 |  7- 9 || total
---------------------------+-------+-------+-------++-------
  Melee: Dagger            |       |     7 |       ||     7
   Fire: Shortbow          |    84 |   170 |    73 ||   327
  Evoke: Wand              |       |     6 |       ||     6
    Use: Potion            |       |     1 |     3 ||     4
         Scroll            |       |    11 |       ||    11
   Stab: Sleeping          |       |     1 |       ||     1
 Armour: Robe              |    13 |    30 |    12 ||    55
  Dodge: Dodged            |    29 |    56 |    47 ||   132
